 Dungeon Crawl Stone Soup version 0.28-a0-8-g6e044cfa68 (webtiles) character file.

Game seed: 11081657199028924844

15291 wakim the Grappler (level 11, -1/163 HPs)
             Began as a Troll Berserker on July 24, 2021.
             Was a Priest of Trog.
             Slain by a skeletal warrior (17 damage)
             ... led by a skeletal warrior
             ... on level 11 of the Dungeon.
             The game lasted 00:29:11 (10537 turns).

wakim the Grappler (Troll Berserker)               Turns: 10537, Time: 00:29:12

Health: -1/163     AC:  9    Str: 27    XL:     11   Next: 99%
Magic:  10/10      EV: 15    Int:  6    God:    Trog [***...]
Gold:   1009       SH:  0    Dex:  9    Spells: 10/10 levels left

rFire   . . .      SeeInvis +     - Unarmed
rCold   . . .      Faith    .   (no shield)
rNeg    . . .      Spirit   .   j - +0 troll leather armour
rPois   .          Reflect  .   e - +2 hood of the Assassin {Detection Stab+ Stlth++}
rElec   .          Harm     .   f - +0 cloak
rCorr   .          Rampage  .   (gloves unavailable)
Will    ++...                   (boots unavailable)
Stlth   ..........              (no amulet)
HPRegen 3.37/turn               z - +4 ring of evasion
MPRegen 0.12/turn               B - ring of see invisible

@: berserking (expiring), strong-willed, regenerating, studying Unarmed Combat,
very quick
A: large, unfitting armour, claws 3, regeneration 1, shaggy fur 1, tough skin 1
a: Renounce Religion, Berserk, Trog's Hand


You were on level 11 of the Dungeon.
You worshipped Trog.
Trog was most pleased with you.
You visited 2 branches of the dungeon, and saw 12 of its levels.
You also visited: Bailey.

You collected 1009 gold pieces.

Inventory:

Hand Weapons
 b - a +1 hunting sling of flaming
Missiles
 l - 34 poisoned darts
 q - 21 boomerangs (quivered)
 s - 62 sling bullets
 u - 3 javelins
Armour
 e - the +2 hood of the Assassin (worn) {Detection Stab+ Stlth++}
   (You found it in a bailey)

   It allows the wearer to sense nearby creatures.
   It allows the wearer to make particularly effective stabbing attacks against
   helpless or unaware enemies with any weapon.
   Stlth:     It makes you much more stealthy.
 f - a +0 cloak (worn)
 h - a +2 hat
 j - a +0 troll leather armour (worn)
 o - a +2 robe of fire resistance
Jewellery
 z - a +4 ring of evasion (left claw)
 B - a ring of see invisible (right claw)
Wands
 v - a wand of flame (35)
 w - a wand of acid (9)
 x - a wand of charming (20)
 y - a wand of paralysis (6)
Scrolls
 d - 4 scrolls of enchant weapon
 R - 3 scrolls of magic mapping {!r}
 S - a scroll of summoning
 T - 3 scrolls of teleportation
 U - 2 scrolls of fear
 X - 2 scrolls of fog
Potions
 a - a potion of magic {unknown}
 c - a potion of attraction {unknown}
 i - a potion of cancellation {unknown}
 m - a potion of invisibility {unknown}
 A - 2 potions of ambrosia
 C - 5 potions of berserk rage {!q}
 F - 3 potions of curing
 G - 2 potions of flight
 L - 5 potions of lignification {!q}
 N - a potion of might
 O - 4 potions of resistance


   Skills:
 + Level 7.4 Fighting
 + Level 8.3 Throwing
 + Level 7.5 Dodging
 * Level 5.1 Stealth
 + Level 12.0 Unarmed Combat


You had 10 spell levels left.
You didn't know any spells.
Your spell library was empty.

Dungeon Overview and Level Annotations

Branches:
Dungeon (11/15)            Temple (1/1) D:7             Orc (0/2) D:11
 Bailey (visited)
   Lair: D:8-11

Altars:
Elyvilon
Fedhas
Makhleb
Okawaru
Ru
Uskayaw
Yredelemnul
Zin

Shops:
D:4 ?[!:   D:6 =

Annotations:
D:8 1 runed translucent door, diceflayer's ghost, novice FoFi
D:11 Gastronok


Innate Abilities, Weirdness & Mutations

You are too large for most types of armour.
You have claws for hands.
Your natural rate of healing is unusually fast.
You are covered in fur. (AC +1)
You have tough skin. (AC +1)


Message History

You destroy the wraith!
Trog accepts your kill.
The skeletal warrior throws a javelin.
The javelin pierces through you!
Your Unarmed Combat skill increases to level 12!
The skeletal warrior hits you from afar with a +0 halberd!
The skeletal warrior completely misses you.
You scratch the skeletal warrior but do no damage.
You mangle the skeletal warrior!!
The skeletal warrior is moderately damaged.
The skeletal warrior hits you from afar with a +0 halberd!
The skeletal warrior hits you with a +0 flail.
You closely miss the skeletal warrior.
The skeletal warrior is moderately damaged.
You scratch the skeletal warrior. Your claw misses the skeletal warrior.
The skeletal warrior is moderately damaged.
The skeletal warrior hits you from afar with a +0 halberd!!
* * * LOW HITPOINT WARNING * * *
A skeletal warrior comes into view. It is wielding a +0 glaive.
The skeletal warrior hits you with a +0 flail!
* * * LOW HITPOINT WARNING * * *
You claw the skeletal warrior!
The skeletal warrior is severely damaged.
You claw the skeletal warrior!
The skeletal warrior is almost destroyed.
The skeletal warrior hits you from afar with a +0 halberd!!
* * * LOW HITPOINT WARNING * * *
The skeletal warrior hits you with a +0 flail!!
* * * LOW HITPOINT WARNING * * *
You closely miss the skeletal warrior.
The skeletal warrior is almost destroyed.
Unknown command.
You eviscerate the skeletal warrior!!!
You destroy the skeletal warrior!
Trog accepts your kill.
The skeletal warrior hits you from afar with a +0 halberd!
* * * LOW HITPOINT WARNING * * *
You are too berserk!
Unknown command.
The skeletal warrior hits you with a +0 halberd!
You die...

.# #.# #.......# .# #.#
#........ .# #.#
#........ .# #.#
#........ .# #.#
#........ .# #.#
#........ .# #.#
#........ .#
###.###########........
..
.....z.z@.............#
##
######.#######.#####.#
#.# #.# #.# #.# #.# #.#
#.# #.# #.# #.# #.# #.#
#.# #.# #.# #.# #.#
#.###
#.#######.#####....


You could see 2 skeletal warriors.

Vanquished Creatures
  Snorg (D:11)
  2 boulder beetles
  A hydra (D:8)
  2 two-headed ogres (D:7)
  3 skeletal warriors (D:11)
  Pikel (D:8)
  The ghost of zero the Destroyer, a novice GrCj of Vehumet (D:6)
  A gargoyle (D:11)
  An unseen horror (D:8)
  An efreet (D:8)
  A troll (D:7)
  Grinder (D:3)
  Prince Ribbit (D:5)
  2 hornets
  11 yaks
  A wyvern (D:8)
  A shadow (D:9)
  2 wraiths
  Sigmund (D:5)
  Eustachio (D:4)
  A steam dragon (D:8)
  2 water moccasins
  2 ice beasts
  2 sky beasts (D:5)
  7 orc warriors
  A black bear (D:7)
  A necrophage (D:6)
  A centaur (D:8)
  A lemure (D:8)
  A phantom (D:5)
  A kobold brigand (D:10)
  6 bullfrogs
  A gnoll sergeant (D:8)
  3 scorpions
  A water moccasin zombie (D:6)
  10 killer bees
  5 wights (D:7)
  4 howler monkeys
  A hound (D:5)
  4 centaur zombies
  3 orc priests
  Crazy Yiuf (D:4)
  A bullfrog skeleton (D:6)
  A scorpion zombie (D:5)
  A gnoll shaman (D:8)
  An iguana (D:5)
  10 orc wizards
  3 killer bee zombies
  A hound skeleton (D:5)
  5 adders
  4 white imps
  An adder skeleton (D:4)
  2 dart slugs (D:1)
  12 orcs
  A ball python (D:1)
  3 endoplasms
  3 giant cockroaches
  9 goblins
  3 hobgoblins
  7 jackals
  2 quokkas
  5 bats
  6 frilled lizards
  13 kobolds
  4 rats
193 creatures vanquished.

Vanquished Creatures (others)
  A killer bee zombie (D:8)
  6 plants (D:8)
7 creatures vanquished.

Grand Total: 200 creatures vanquished

Notes
Turn   | Place    | Note
-------+----------+-------------------------------------------
     0 | D:1      | wakim the Troll Berserker began the quest for the Orb.
     0 | D:1      | Reached XP level 1. HP: 22/22 MP: 0/0
   111 | D:1      | Reached XP level 2. HP: 29/29 MP: 1/1
   817 | D:2      | Reached XP level 3. HP: 36/36 MP: 2/2
   896 | D:2      | Reached ** piety under Trog
  1676 | D:3      | Noticed Grinder
  1680 | D:3      | Paralysed by Grinder for 7 turns
  1695 | D:3      | Paralysed by Grinder for 3 turns
  1772 | D:3      | Found a white marble altar of Elyvilon.
  1991 | D:3      | Reached skill level 4 in Unarmed Combat
  1995 | D:3      | Found a faded altar of an unknown god.
  2069 | D:3      | Found a basalt altar of Yredelemnul.
  2074 | D:3      | Reached XP level 4. HP: 35/44 MP: 3/3
  2111 | D:3      | Killed Grinder
  2112 | D:3      | Reached skill level 5 in Unarmed Combat
  2112 | D:3      | Reached XP level 5. HP: 53/53 MP: 4/4
  2112 | D:3      | Reached XP level 6. HP: 61/61 MP: 5/5
  2644 | D:3      | Found a blossoming altar of Fedhas.
  2911 | D:4      | Found Zabaris's Armour Emporium.
  2933 | D:4      | Noticed Eustachio
  2978 | D:4      | Killed Eustachio
  3032 | D:4      | Found Vinluab's Magic Scroll Shop.
  3223 | D:4      | Found Oqostraz's Distillery.
  3275 | D:4      | Found a runed translucent door.
  3276 | D:4      | Noticed Crazy Yiuf
  3285 | D:4      | Killed Crazy Yiuf
  3437 | D:4      | Found Ejiakhla's Book Shoppe.
  3475 | D:4      | Found an iron altar of Okawaru.
  3564 | D:5      | Entered Level 5 of the Dungeon
  3564 | D:5      | Noticed Prince Ribbit
  3576 | D:5      | Killed Prince Ribbit
  3577 | D:5      | Reached skill level 6 in Unarmed Combat
  3577 | D:5      | Reached XP level 7. HP: 70/70 MP: 6/6
  3766 | D:5      | Reached skill level 1 in Throwing
  3858 | D:5      | Found a glowing silver altar of Zin.
  3921 | D:5      | Reached skill level 7 in Unarmed Combat
  4029 | D:5      | Reached XP level 8. HP: 79/79 MP: 7/7
  4605 | D:5      | Noticed Sigmund
  4613 | D:5      | Killed Sigmund
  4707 | D:6      | Found a transporter.
  4722 | D:6      | Noticed a hornet
  4977 | D:6      | Noticed zero's ghost (novice GrCj)
  4987 | D:6      | Found a transporter.
  5173 | D:6      | Reached skill level 8 in Unarmed Combat
  5211 | D:6      | Reached skill level 5 in Fighting
  5231 | D:6      | Identified a scroll of acquirement
  5231 | D:6      | Acquired a manual of Unarmed Combat
  5262 | D:6      | Reached skill level 5 in Dodging
  5484 | D:6      | Found Ifuss's Jewellery Shoppe.
  5882 | D:7      | Noticed a troll
  5912 | D:7      | Killed a troll
  5913 | D:7      | Reached XP level 9. HP: 88/88 MP: 8/8
  6338 | D:7      | Reached skill level 9 in Unarmed Combat
  6623 | D:7      | Found a staircase to the Ecumenical Temple.
  6629 | Temple   | Entered the Ecumenical Temple
  6700 | D:8      | Found a flagged portal.
  6722 | D:8      | Reached *** piety under Trog
  6744 | Bailey   | Entered a bailey
  6845 | Bailey   | Found the +2 hood of the Assassin {Detection Stab+ Stlth++}
  6903 | Bailey   | Found an iron altar of Okawaru.
  6915 | Bailey   | Identified the +4 flail of Vengeance {elec, Str+2}
  7004 | D:8      | Killed an unseen horror
  7005 | D:8      | Reached skill level 5 in Throwing
  7005 | D:8      | Reached skill level 1 in Stealth
  7056 | D:8      | Noticed a boulder beetle
  7064 | D:8      | Noticed a six-headed hydra
  7067 | D:8      | Noticed a two-headed ogre
  7069 | D:8      | Noticed an efreet
  7097 | D:7      | Killed a two-headed ogre
  7098 | D:7      | Reached XP level 10. HP: 74/98 MP: 9/9
  7140 | D:8      | Noticed Pikel
  7158 | D:8      | Killed Pikel
  7159 | D:8      | Reached skill level 10 in Unarmed Combat
  7376 | D:8      | Noticed a two-headed ogre
  7406 | D:7      | Killed a two-headed ogre
  7483 | D:8      | Killed a seven-headed hydra
  7586 | D:8      | Killed a boulder beetle
  7632 | D:8      | Reached **** piety under Trog
  7666 | D:8      | Found a runed translucent door.
  7700 | D:8      | Found a sacrificial altar of Ru.
  7787 | D:8      | Noticed diceflayer's ghost (novice FoFi)
  8150 | D:8      | Reached XP level 11. HP: 74/107 MP: 10/10
  8439 | D:6      | Killed zero's ghost
  8736 | D:9      | Reached skill level 11 in Unarmed Combat
  9110 | D:9      | Paralysed by a hornet for 3 turns
  9367 | D:10     | Entered Level 10 of the Dungeon
  9416 | D:10     | Found a burning altar of Makhleb.
 10171 | D:10     | Found a hide-covered altar of Uskayaw.
 10279 | D:11     | Found a staircase to the Orcish Mines.
 10320 | D:11     | Noticed a boulder beetle
 10334 | D:11     | Killed a boulder beetle
 10347 | D:11     | Noticed Snorg
 10365 | D:11     | Killed Snorg
 10421 | D:11     | Noticed a skeletal warrior
 10421 | D:11     | Noticed a skeletal warrior
 10442 | D:11     | Killed a skeletal warrior
 10443 | D:11     | Reached skill level 5 in Stealth
 10449 | D:11     | Killed a skeletal warrior
 10450 | D:11     | Noticed a skeletal warrior
 10454 | D:11     | Noticed Gastronok
 10454 | D:11     | Noticed a skeletal warrior
 10528 | D:11     | Reached skill level 12 in Unarmed Combat
 10532 | D:11     | Noticed a skeletal warrior
 10536 | D:11     | Killed a skeletal warrior
 10537 | D:11     | Slain by a skeletal warrior

Illustrated notes

Levels and vault maps discovered:
D:1:      lightli_arrival_lavapool, layout_rooms, chequers_serial_rivers_small_3
D:2:      layout_basic
D:3:      layout_basic, mainiacjoe_overflow_surrounded_room,
          lemuel_doored_altar, elyvilon_altar_5, basic_ecumenical_altar,
          hangedman_decor_growths, uniq_grinder
D:4:      layout_rooms, mainiacjoe_overflow_24_doors, serial_shops, shop,
          nicolae_take_the_stairs, nicolae_lakefront_shop, kennysheep_mini_moat,
          uniq_eustachio, uniq_crazy_yiuf_cottage
D:5:      layout_loops_corners, lemuel_round_altar, kennysheep_big_empty_room,
          uniq_sigmund, uniq_prince_ribbit1
D:6:      layout_gridville, serial_shops, nicolae_shop_behind_doors,
          gammafunk_ghost_hive, dk_vineyard_1
D:7:      layout_gridville, minmay_temple_entry_hall, minivault_26
D:8:      nzn_winding_woodlands_small [nzn_winding_woodlands_5x15_parted,
          nzn_winding_woodlands_center_garden,
          nzn_winding_woodlands_5x15_sidewinder], layout_loops_ring,
          mainiacjoe_overflow_concentric_impassable, gammafunk_ghost_grave,
          enter_bailey_3, uniq_pikel
D:9:      layout_basic
D:10:     layout_basic, nicolae_uskayaw_dance_studio, lemuel_round_altar,
          ebering_dispersal_statue_hall
D:11:     layout_small_grid, lair_entry_dummy, orc_0_dummy, uniq_snorg,
          uniq_gastronok
Temple:   minmay_temple_curvy_branch

Skill      XL: |  1  2  3  4  5  6  7  8  9 10 11 |
---------------+----------------------------------+-----
Unarmed Combat | 4 5 6 7 8 9 10 12 | 12.0
Fighting       | 3 4 5 6 7 |  7.4
Dodging        | 3 4 5 6 7 |  7.5
Throwing       | 1 3 5 7 8 |  8.3
Stealth        | 2 3 5 |  5.1

Action                   |  1- 3 |  4- 6 |  7- 9 | 10-12 || total
-------------------------+-------+-------+-------+-------++-------
Melee: Unarmed           |   104 |    44 |   227 |   301 ||   676
       Punch             |       |       |     4 |    15 ||    19
 Fire: Hunting sling     |       |       |     7 |       ||     7
Throw: Dart              |     3 |       |     6 |    10 ||    19
       Boomerang         |       |       |    24 |    15 ||    39
Invok: Berserk           |     1 |     4 |     3 |     5 ||    13
       Trog's Hand       |       |     3 |     3 |     8 ||    14
  Use: Scroll            |     2 |     8 |     5 |     6 ||    21
       Potion            |       |       |     1 |     2 ||     3
 Stab: Distracted        |       |       |       |     2 ||     2
       Sleeping          |       |       |       |     6 ||     6
Armor: Animal skin       |    43 |    44 |    23 |       ||   110
       Robe              |       |       |    22 |       ||    22
       Troll leather arm |       |       |    42 |    87 ||   129
Dodge: Dodged            |    59 |    47 |   111 |   182 ||   399

Table legend: (Time is in decaauts)
 A = Elapsed time spent in this place.
 B = Non-inter-level travel time spent in this place.
 C = Inter-level travel time spent in this place.
 D = Time resting spent in this place.
 E = Time spent auto-exploring this place.
 F = Levels seen in this place.
 G = Mean time per level.
                   A        B        C        D        E       F      G
               +--------+--------+--------+--------+--------+-----+--------+
         Total |  10546 |   9976 |    570 |    279 |   7397 |  13 |  811.2 |
       Dungeon |  10323 |   9753 |    570 |    279 |   7381 |  11 |  938.5 |
        Temple |      1 |      1 |      0 |      0 |      0 |   1 |    1.0 |
        Bailey |    220 |    220 |      0 |      0 |     16 |   1 |  220.0 |
               +--------+--------+--------+--------+--------+-----+--------+

Top non-repeatable levels by time:
     D:6: 1377 daAuts
     D:8: 1245 daAuts
     D:2: 1216 daAuts
     D:3: 1095 daAuts
     D:5: 1085 daAuts
     D:7: 1008 daAuts
     D:4: 836 daAuts
    D:10: 834 daAuts
     D:9: 819 daAuts
     D:1: 487 daAuts
    D:11: 317 daAuts
  Bailey: 220 daAuts
  Temple: 1 daAuts
